| TOP OF THE 1ST |
|
Trenton Thunder batting - Pitching for Midland RockHounds : RHP John Barney
|
|
Pitching: RHP John Barney
|
|
|
Batting: RHB Tim Osborn
|
0-0: Fly out, F4 (Line Drive, 4, EV 73.8 MPH)
|
|
Batting: LHB Bobby Upton
|
0-0: Ground out 4-3 (Groundball, 4, EV 83.8 MPH)
|
|
Batting: RHB Jose Tovar
|
0-0: Called Strike 0-1: Called Strike 0-2: Foul Ball, location: 2F 0-2: Ball 1-2: Foul Ball, location: 2F 1-2: Strikes out swinging
|
| Top of the 1st over - 0 runs, 0 hits, 0 errors, 0 left on base; Trenton 0 - Midland 0 |
| BOTTOM OF THE 1ST |
|
Midland RockHounds batting - Pitching for Trenton Thunder : RHP Aneirin Cadwallader
|
|
Pitching: RHP Aneirin Cadwallader
|
|
|
Batting: LHB Zachary DeLuca
|
0-0: Ball 1-0: Ball 2-0: Ball 3-0: Foul Ball, location: 2F 3-1: Base on Balls
|
|
Batting: SHB Rich Muniz
|
0-0: Ball 1-0: Ball Zachary DeLuca steals 2nd base 2-0: Swinging Strike 2-1: Ball 3-1: Foul Ball, location: 2F 3-2: Foul Ball, location: 2F 3-2: Foul Ball, location: 2F 3-2: Foul Ball, location: 2F 3-2: Foul Ball, location: 2F 3-2: Strikes out swinging
|
|
Batting: RHB Dave Glenn
|
0-0: Ball Wild Pitch! Zachary DeLuca to third 1-0: Called Strike 1-1: Ball 2-1: Foul Ball, location: 2F 2-2: Ball 3-2: Strikes out swinging
|
|
Batting: LHB John Shults
|
0-0: Called Strike 0-1: Foul Ball, location: 2F 0-2: Strikes out swinging
|
| Bottom of the 1st over - 0 runs, 0 hits, 0 errors, 1 left on base; Trenton 0 - Midland 0 |
| TOP OF THE 2ND |
|
Trenton Thunder batting - Pitching for Midland RockHounds : RHP John Barney
|
|
Batting: RHB Christian Shearer
|
0-0: Ball 1-0: Swinging Strike 1-1: Swinging Strike 1-2: Ground out 1-3 (Groundball, 15S, EV 71.2 MPH)
|
|
Batting: RHB Larry Martell
|
0-0: Ball 1-0: Ball 2-0: Ball 3-0: Base on Balls
|
|
Pitching: RHP Dunlang Clark
|
|
|
Batting: RHB Dale Altman
|
0-0: Called Strike 0-1: Foul Ball, location: 2F 0-2: Ball 1-2: Foul Ball, location: 2F 1-2: Strikes out swinging
|
|
Batting: RHB Sam Hubbert
|
0-0: Foul Ball, location: 2F 0-1: DOUBLE (Line Drive, 7LM, EV 108.8 MPH) Larry Martell to third Runner from 3rd tries for Home, SAFE, no throw by LF
|
|
Batting: RHB Roberto Tena
|
0-0: Ground out 6-3 (Groundball, 56, EV 106.2 MPH)
|
| Top of the 2nd over - 1 run, 1 hit, 0 errors, 1 left on base; Trenton 1 - Midland 0 |
| BOTTOM OF THE 2ND |
|
Midland RockHounds batting - Pitching for Trenton Thunder : RHP Aneirin Cadwallader
|
|
Batting: RHB Luis Restrepo
|
0-0: Ball 1-0: Ball 2-0: Called Strike 2-1: Ball 3-1: Fly out, F3 (Line Drive, 3, EV 69.4 MPH)
|
|
Batting: RHB Danny Heikkila
|
0-0: Ball 1-0: Foul Ball, location: 2F 1-1: Ball 2-1: Called Strike 2-2: Ground out 5-3 (Groundball, 56S, EV 67.5 MPH)
|
|
Batting: RHB Armando Estrada
|
0-0: Ball 1-0: Fly out, F7 (Flyball, 7S, EV 93.1 MPH)
|
| Bottom of the 2nd over - 0 runs, 0 hits, 0 errors, 0 left on base; Trenton 1 - Midland 0 |
| TOP OF THE 3RD |
|
Trenton Thunder batting - Pitching for Midland RockHounds : RHP Dunlang Clark
|
|
Batting: RHB John Sabean
|
0-0: Called Strike 0-1: Called Strike 0-2: Ground out U3 (Groundball, 34S, EV 86.9 MPH)
|
|
Batting: RHB Tim Osborn
|
0-0: Ball 1-0: Ball 2-0: Called Strike 2-1: SINGLE (Groundball, 34D, EV 103.1 MPH)
|
|
Batting: LHB Bobby Upton
|
0-0: Fielders Choice at 2nd, 5-4 (Groundball, 5L, EV 106.9 MPH)
|
|
Batting: RHB Jose Tovar
|
0-0: Ball Bobby Upton steals 2nd base 1-0: Called Strike 1-1: Ground out 5-3 (Groundball, 5S, EV 68.8 MPH)
|
| Top of the 3rd over - 0 runs, 1 hit, 0 errors, 1 left on base; Trenton 1 - Midland 0 |
| BOTTOM OF THE 3RD |
|
Midland RockHounds batting - Pitching for Trenton Thunder : RHP Aneirin Cadwallader
|
|
Batting: RHB Eduardo Chavez
|
0-0: Ground out 6-3 (Groundball, 6M, EV 86.9 MPH)
|
|
Batting: SHB Ian Finley
|
0-0: Called Strike 0-1: Ball 1-1: Foul Ball, location: 2F 1-2: Ground out 1-3 (Groundball, 13, EV 56.9 MPH)
|
|
Batting: LHB Zachary DeLuca
|
0-0: Ball 1-0: Ball 2-0: Ball 3-0: Base on Balls
|
|
Batting: SHB Rich Muniz
|
0-0: Ball 1-0: Called Strike 1-1: Foul Ball, location: 2F 1-2: Foul Ball, location: 2F 1-2: Ball 2-2: Strikes out swinging
|
| Bottom of the 3rd over - 0 runs, 0 hits, 0 errors, 1 left on base; Trenton 1 - Midland 0 |
| TOP OF THE 4TH |
|
Trenton Thunder batting - Pitching for Midland RockHounds : RHP Dunlang Clark
|
|
Batting: RHB Christian Shearer
|
0-0: Fly out, F7 (Line Drive, 78D, EV 94.4 MPH)
|
|
Batting: RHB Larry Martell
|
0-0: Called Strike 0-1: Ball 1-1: Swinging Strike 1-2: Strikes out swinging
|
|
Batting: RHB Dale Altman
|
0-0: Called Strike 0-1: Ground out 4-3 (Groundball, 34D, EV 98.1 MPH)
|
| Top of the 4th over - 0 runs, 0 hits, 0 errors, 0 left on base; Trenton 1 - Midland 0 |
| BOTTOM OF THE 4TH |
|
Midland RockHounds batting - Pitching for Trenton Thunder : RHP Aneirin Cadwallader
|
|
Batting: RHB Dave Glenn
|
0-0: Called Strike 0-1: Swinging Strike 0-2: Strikes out swinging
|
|
Batting: LHB John Shults
|
0-0: Foul Ball, location: 2F 0-1: Ball 1-1: Called Strike 1-2: Ball 2-2: Fly out, F4 (Popup, 4S, EV 75.0 MPH)
|
|
Batting: RHB Luis Restrepo
|
0-0: Ball 1-0: Called Strike 1-1: Ball 2-1: Fly out, F9 (Flyball, 89M, EV 91.9 MPH)
|
| Bottom of the 4th over - 0 runs, 0 hits, 0 errors, 0 left on base; Trenton 1 - Midland 0 |
| TOP OF THE 5TH |
|
Trenton Thunder batting - Pitching for Midland RockHounds : RHP Dunlang Clark
|
|
Batting: RHB Sam Hubbert
|
0-0: Fly out, F7 (Flyball, 7, EV 84.4 MPH)
|
|
Batting: RHB Roberto Tena
|
0-0: Called Strike 0-1: Hit by Pitch
|
|
Batting: RHB John Sabean
|
0-0: Fielders Choice at 2nd, 1-6 (Groundball, 34S, EV 66.9 MPH)
|
|
Batting: RHB Tim Osborn
|
0-0: Called Strike 0-1: Fly out, F8 (Flyball, 8LD, EV 100.6 MPH)
|
| Top of the 5th over - 0 runs, 0 hits, 0 errors, 1 left on base; Trenton 1 - Midland 0 |
| BOTTOM OF THE 5TH |
|
Midland RockHounds batting - Pitching for Trenton Thunder : RHP Aneirin Cadwallader
|
|
Batting: RHB Danny Heikkila
|
0-0: Swinging Strike 0-1: Called Strike 0-2: Ground out 4-3 (Groundball, 4, EV 90.0 MPH)
|
|
Batting: RHB Armando Estrada
|
0-0: Fly out, F8 (Flyball, 8RXD, EV 104.4 MPH)
|
|
Batting: RHB Eduardo Chavez
|
0-0: Ball 1-0: Fly out, F8 (Flyball, 78D, EV 93.1 MPH)
|
| Bottom of the 5th over - 0 runs, 0 hits, 0 errors, 0 left on base; Trenton 1 - Midland 0 |
| TOP OF THE 6TH |
|
Trenton Thunder batting - Pitching for Midland RockHounds : RHP Dunlang Clark
|
|
Batting: LHB Bobby Upton
|
0-0: Ground out 4-3 (Groundball, 4, EV 110.6 MPH)
|
|
Batting: RHB Jose Tovar
|
0-0: Ball 1-0: Called Strike 1-1: Called Strike 1-2: Strikes out looking
|
|
Batting: RHB Christian Shearer
|
0-0: Ground out 4-3 (Groundball, 4, EV 88.8 MPH)
|
| Top of the 6th over - 0 runs, 0 hits, 0 errors, 0 left on base; Trenton 1 - Midland 0 |
| BOTTOM OF THE 6TH |
|
Midland RockHounds batting - Pitching for Trenton Thunder : RHP Aneirin Cadwallader
|
|
Batting: SHB Ian Finley
|
0-0: Ball 1-0: Ball 2-0: Swinging Strike 2-1: Ball 3-1: Base on Balls
|
|
Batting: LHB Zachary DeLuca
|
0-0: Swinging Strike 0-1: Called Strike 0-2: Foul Ball, location: 2F 0-2: Foul Ball, location: 2F 0-2: Fly out, F6 (Line Drive, 6, EV 55.0 MPH)
|
|
Batting: SHB Rich Muniz
|
0-0: Called Strike 0-1: Ball 1-1: Called Strike 1-2: Ball 2-2: Strikes out swinging
|
|
Pitching: LHP George Grady
|
|
|
Batting: RHB Dave Glenn
|
0-0: DOUBLE (Line Drive, 78D, EV 112.5 MPH) Ian Finley to third Runner from 3rd tries for Home, SAFE, no throw by LF
|
|
Batting: LHB John Shults
|
0-0: Fly out, F7 (Flyball, 7D, EV 92.5 MPH)
|
| Bottom of the 6th over - 1 run, 1 hit, 0 errors, 1 left on base; Trenton 1 - Midland 1 |
| TOP OF THE 7TH |
|
Trenton Thunder batting - Pitching for Midland RockHounds : RHP Dunlang Clark
|
|
Pitching: RHP Dave Quintero
|
|
|
Batting: RHB Larry Martell
|
0-0: Ball 1-0: Foul Ball, location: 2F 1-1: Ball 2-1: Ground out 1-3 (Groundball, 34S, EV 70.6 MPH)
|
|
Batting: RHB Dale Altman
|
0-0: Ground out 4-3 (Groundball, 4, EV 79.4 MPH)
|
|
Batting: RHB Sam Hubbert
|
0-0: Ball 1-0: Ball 2-0: Swinging Strike 2-1: Foul Ball, location: 2F 2-2: Ball 3-2: Strikes out swinging
|
| Top of the 7th over - 0 runs, 0 hits, 0 errors, 0 left on base; Trenton 1 - Midland 1 |
| BOTTOM OF THE 7TH |
|
Midland RockHounds batting - Pitching for Trenton Thunder : LHP George Grady
|
|
Batting: RHB Luis Restrepo
|
0-0: Ball 1-0: Called Strike 1-1: Ball 2-1: Ball 3-1: Foul Ball, location: 2F 3-2: Ground out 4-3 (Groundball, 4MD, EV 80.0 MPH)
|
|
Batting: RHB Danny Heikkila
|
0-0: Called Strike 0-1: Ground out 5-3 (Groundball, 56S, EV 75.6 MPH)
|
|
Batting: RHB Armando Estrada
|
0-0: Called Strike 0-1: Ball 1-1: Ball 2-1: Ball 3-1: Base on Balls
|
|
Batting: RHB Eduardo Chavez
|
0-0: Called Strike 0-1: SINGLE (Flyball, 5D, EV 89.4 MPH) Armando Estrada to second
|
|
Batting: SHB Ian Finley
|
0-0: Ball 1-0: Ball 2-0: Swinging Strike 2-1: Foul Ball, location: 2F 2-2: Ball 3-2: SINGLE (Groundball, 56D, EV 98.8 MPH) Armando Estrada to third Eduardo Chavez to second Armando Estrada scores Eduardo Chavez to third
|
|
Batting: LHB Zachary DeLuca
|
0-0: Swinging Strike 0-1: Swinging Strike 0-2: Ball 1-2: Strikes out swinging
|
| Bottom of the 7th over - 1 run, 2 hits, 0 errors, 2 left on base; Trenton 1 - Midland 2 |
| TOP OF THE 8TH |
|
Trenton Thunder batting - Pitching for Midland RockHounds : RHP Dave Quintero
|
|
Pinch Hitting: SHB Ryan Buchbinder
|
0-0: Foul Ball, location: 2F 0-1: Foul Ball, location: 2F 0-2: Foul Ball, location: 2F 0-2: Ground out 4-3 (Groundball, 34D, EV 107.5 MPH)
|
|
Batting: RHB John Sabean
|
0-0: Fly out, F7 (Flyball, 7D, EV 101.2 MPH)
|
|
Batting: RHB Tim Osborn
|
0-0: Ball 1-0: Ground out 4-3 (Groundball, 4, EV 92.5 MPH)
|
| Top of the 8th over - 0 runs, 0 hits, 0 errors, 0 left on base; Trenton 1 - Midland 2 |
| BOTTOM OF THE 8TH |
|
Midland RockHounds batting - Pitching for Trenton Thunder : LHP George Grady
|
|
Pitching: LHP Josh Shaw
|
|
|
Now at 2B: Ryan Buchbinder
|
|
|
Now at SS: Christian Shearer
|
|
|
Batting: SHB Rich Muniz
|
0-0: Called Strike 0-1: Ball 1-1: Ball 2-1: Ball 3-1: Called Strike 3-2: Foul Ball, location: 2F 3-2: Strikes out swinging
|
|
Batting: RHB Dave Glenn
|
0-0: Ball 1-0: Ball 2-0: Ball 3-0: Base on Balls
|
|
Batting: LHB John Shults
|
0-0: Ball 1-0: Ball 2-0: Fielders Choice at 2nd, 6-4 (Groundball, 6, EV 90.0 MPH)
|
|
Batting: RHB Luis Restrepo
|
0-0: Swinging Strike 0-1: Ball 1-1: Swinging Strike 1-2: Strikes out swinging
|
| Bottom of the 8th over - 0 runs, 0 hits, 0 errors, 1 left on base; Trenton 1 - Midland 2 |
| TOP OF THE 9TH |
|
Trenton Thunder batting - Pitching for Midland RockHounds : RHP Dave Quintero
|
|
Now at 3B: Eduardo Chavez
|
|
|
Now at SS: Carlos Ballesteros
|
|
|
Batting: LHB Bobby Upton
|
0-0: Fly out, F5 (Flyball, 5D, EV 88.1 MPH)
|
|
Batting: RHB Jose Tovar
|
0-0: Foul Ball, location: 2F 0-1: Called Strike 0-2: Ball 1-2: Ball 2-2: Ground out 4-3 (Groundball, 4, EV 89.4 MPH)
|
|
Batting: RHB Christian Shearer
|
0-0: Ball 1-0: Ball 2-0: Called Strike 2-1: Ground out 4-3 (Groundball, 34S, EV 88.1 MPH)
|
| Top of the 9th over - 0 runs, 0 hits, 0 errors, 0 left on base; Trenton 1 - Midland 2 |
|